 Dungeon Crawl Stone Soup version 0.17.0-26-gececa24 (webtiles) character file.

431400 radek the Earth Mage (level 23, -6/146 HPs)
             Began as a Gargoyle Earth Elementalist on Nov 14, 2015.
             Was the Champion of Vehumet.
             Killed by divine providence
             ... invoked by an orc priest
             ... led by an orc warlord
              (16 damage)
             ... on level 5 of the Vaults on Nov 20, 2015.
             The game lasted 14:46:12 (113736 turns).

radek the Earth Mage (GrEE)                       Turns: 113736, Time: 14:46:12

Health: -6/146     AC: 32    Str: 15    XL:     23   Next: 92%
Magic:  4/43       EV: 18    Int: 25    God:    Vehumet [******]
Gold:   2798       SH: 14    Dex: 12    Spells: 8 memorised, 9 levels left

rFire  . . .     SeeInvis +     X - +9 mace
rCold  . . .     Clarity  .     B - +2 robe {MR+}
rNeg   + . .     SustAt   .     i - +1 shield {reflect}
rPois  ∞         Gourm    +     z - +2 helmet {SInv}
rElec  +         Spirit   .     Z - +0 cloak
rCorr  .         Warding  .     L - +0 pair of gloves "Saotak" {+Inv Str+4 Dex+2}
rMut   .         Stasis   .     Y - +1 pair of boots
MR     +++..                    e - amulet of the gourmand
Stlth  ++........               W - ring of wizardry
                                N - ring of protection from magic

@: flying, very slightly contaminated, studying Staves, extremely resistant to
hostile enchantments, unstealthy
A: big wings, iridescent scales 1, blurry vision 1, negative energy resistance
1, electricity resistance, weak 1, unbreathing, petrification resistance, rot
immunity, AC +17
a: Stop Flying, Renounce Religion, Evoke Invisibility
}: 2/15 runes: decaying, serpentine


You were on level 5 of the Vaults.
You worshipped Vehumet.
Vehumet was exalted by your worship.
You were very full.

You visited 8 branches of the dungeon, and saw 43 of its levels.

You collected 4974 gold pieces.
You spent 2176 gold pieces at shops.

Inventory:

Hand Weapons
 g - the +4 battleaxe of Trog's Esteem {venom, rN+}
   (You found it on level 3 of the Vaults)

   It poisons the flesh of those it strikes.
   It protects you from negative energy.
 O - a +1 great mace of protection
 X - a +9 mace (weapon)
Missiles
 b - 1282 stones (quivered)
Armour
 f - a storm dragon hide
 i - a +1 shield of reflection (worn)
 p - an ice dragon hide
 s - a +2 robe of resistance
 y - a fire dragon hide
 z - a +2 helmet of see invisible (worn)
 B - a +2 robe of magic resistance (worn)
 L - the +0 pair of gloves "Saotak" (worn) {+Inv Str+4 Dex+2}
   (You found it on level 3 of the Vaults)

   It affects your strength (+4).
   It affects your dexterity (+2).
   It lets you turn invisible.
 Y - a +1 pair of boots (worn)
 Z - a +0 cloak (worn)
Magical Staves
 j - an uncursed staff of energy
 G - an uncursed staff of wizardry
 V - an uncursed staff of power
Jewellery
 d - an uncursed amulet of regeneration
 e - an amulet of the gourmand (around neck)
 N - a ring of protection from magic (left hand)
 R - an uncursed amulet of clarity
 W - a ring of wizardry (right hand)
Wands
 n - a wand of lightning (0)
 q - a wand of cold (7)
 u - a wand of fireball (15)
 E - a wand of teleportation (2)
 M - a wand of lightning (5)
 P - a wand of fire (4)
Scrolls
 c - 3 scrolls of teleportation
 m - 25 scrolls of identify
 v - a scroll of enchant weapon
 w - 6 scrolls of remove curse
 A - a scroll of holy word
 F - 8 scrolls of magic mapping
 S - a scroll of silence
Potions
 h - 8 potions of curing
 o - a potion of cure mutation
 r - a potion of cancellation
 t - 2 potions of brilliance
 C - 2 potions of resistance
 D - a potion of invisibility
 H - 2 potions of might
 U - 2 potions of haste
Books
 a - a manual of Staves
 I - a book of Callings

   Spells                             Type                      Level
   a - Summon Small Mammal            Summoning                    1
   b - Call Imp                       Summoning                    2
   c - Call Canine Familiar           Summoning                    3
   d - Summon Guardian Golem          Hexes/Summoning              3
   e - Summon Lightning Spire         Summoning/Air                4
   f - Summon Ice Beast               Ice/Summoning                4
 J - a book of Unlife

   Spells                             Type                      Level
   a - Recall                         Summoning/Translocation      3
   b - Animate Dead                   Necromancy                   4
   c - Control Undead                 Necromancy                   4
   d - Cigotuvi's Embrace             Necromancy                   5
   e - Death Channel                  Necromancy                   6
   f - Simulacrum                     Ice/Necromancy               6
Miscellaneous
 x - a legendary deck of changes
 T - a plain deck of war
Comestibles
 k - a meat ration
 Q - a bread ration


   Skills:
 + Level 15.8 Fighting
 - Level 10.1 Maces & Flails
 - Level 11.6 Dodging
 - Level 2.1 Stealth
 - Level 16.0 Shields
 - Level 16.1 Spellcasting
 + Level 15.5 Conjurations
   Level 0.7 Transmutations
 * Level 18.0 Fire Magic
 + Level 18.1 Earth Magic


You had 9 spell levels left.
You knew the following spells:

 Your Spells              Type           Power        Failure   Level  Hunger
a - Sandblast             Erth           ######       0%          1    None
b - Stone Arrow           Conj/Erth      ######       0%          3    None
c - Lee's Rapid Deconstr  Erth           #######...   1%          5    None
d - Iskenderun's Battles  Conj/Chrm      ######..     1%          5    None
e - Delayed Fireball      Conj/Fire      N/A          1%          7    #####..
f - Iron Shot             Conj/Erth      #######...   1%          6    ####...
g - Fire Storm            Conj/Fire      #######...   43%         9    #######
h - Shatter               Erth           #######...   24%         9    #######


Dungeon Overview and Level Annotations

Branches:
Dungeon (15/15)            Temple (1/1) D:4            Lair (8/8) D:11
  Swamp (4/4) Lair:5        Snake (4/4) Lair:6        Slime (0/6) Lair:8
    Orc (4/4) D:10            Elf (2/3) Orc:3        Vaults (5/5) D:14
  Crypt (0/3) Vaults:3     Depths (0/5) D:15

Altars:
Ashenzari
Cheibriados
Dithmenos
Elyvilon
Fedhas
Gozag
Kikubaaqudgha
Makhleb
Nemelex Xobeh
Okawaru
Qazlal
Ru
Sif Muna
Trog
Vehumet
Xom
Yredelemnul
Zin
The Shining One
Beogh
Jiyva

Shops:
D:6 [   D:12 !   Orc:4 (=*[   Elf:1 (   Elf:2 !   Snake:1 ?   Snake:2 !
Vaults:1 (

Annotations:
D:3 1 runed door
Lair:8 1 runed door


Innate Abilities, Weirdness & Mutations

You are resistant to torment.
Your stone body is resilient (AC +17).
You are immune to poison.
Your large and strong wings let you fly indefinitely.
You resist negative energy.
You are resistant to electric shocks.
You can survive without breathing.
You are immune to petrification.
You are immune to rotting.
You are partially covered in iridescent scales (AC +4).
Scrolls take you a little longer to read.
You are weak. (Str -2)


Message History

The storm dragon roars!
You begin reading the scroll.
You continue reading the scroll.
You block the vault guard's attack.
Blink to where?
Press: ? - help, Dir - move target cursor You are very lightly contaminated with residual magic.
As you read the scroll of blinking, it crumbles to dust.
A titan comes into view.
The titan shouts!
An orc priest comes into view. It is wielding a flail.
An orc wizard and an orc warlord come into view.
The orc warlord shouts!
Read which item? (? for menu, Esc to quit)
Really read with blurry vision while enemies are nearby? [Y]es or [N]o only, please.
Really read with blurry vision while enemies are nearby?
The orc wizard shouts!
The orc priest mumbles some strange prayers to Beogh against you.
Something smites you!
You die...

#oo# #o.# #o.# ##'#
#..# ...... #..#
#'... #..# #C..
#..# #... #@.#
+...##e.# #'...#
##############....#
.C................#
BDp§..............#
###################


You could see an orc warlord, a deep elf priest, an orc priest, an orc wizard
and an orc (wandering).

Vanquished Creatures
  An ancient lich (Vaults:2)
  Mara (Swamp:3)
  the Lernaean hydra (Swamp:4)
  Saint Roka (Vaults:4)
  Vashnia (Snake:2)
  A lich (Vaults:4)
  Jorgrun (Swamp:4)
  A tentacled monstrosity (Vaults:5)
  An acid blob (Lair:8)
  2 sphinxes
  An ancient champion (Vaults:3)
  5 thorn hunters
  A storm dragon (Vaults:3)
  A fire giant (Vaults:3)
  A shadow dragon (Vaults:4)
  3 tengu reavers
  3 frost giants
  13 greater nagas
  Donald (Vaults:1)
  An orc warlord (Orc:4)
  11 vault wardens
  Aizul (Vaults:4)
  Louise (Swamp:4)
  2 deep elf sorcerers (Vaults:3)
  A caustic shrike zombie (D:15)
  A large abomination (Elf:1)
  11 ironheart preservers
  7 stone giants
  Nessos (D:14)
  2 deep elf annihilators
  A deep elf demonologist (Vaults:4)
  2 ettins
  Snorg (Lair:5)
  3 deep elf death magi
  6 fire dragons
  4 great orbs of eyes
  A quicksilver dragon zombie (D:15)
  11 yaktaur captains
  16 vault guards
  A deep elf high priest (Elf:1)
  2 rakshasas
  26 hydras
  4 ice dragons
  3 ghost crabs
  15 naga warriors
  18 dancing weapons (Elf:2)
  8 centaur warriors
  18 ogre magi
  16 anacondas
  13 alligators
  4 tengu warriors
  A deep troll earth mage (D:12)
  The ghost of chonchonts the Severer, a novice MiFi of Okawaru (D:8)
  A spriggan berserker (Swamp:1)
  2 death yaks (Lair:8)
  13 naga sharpshooters
  Urug (D:11)
  19 deep elf knights
  A vampire mage (D:15)
  4 salamander mystics
  6 orc high priests
  Sonja (D:15)
  A small abomination (Vaults:3)
  16 shock serpents
  A fire crab (Vaults:1)
  3 shadow wraiths
  A fire crab (shapeshifter) (Vaults:2)
  9 skeletal warriors
  3 spriggan druids
  8 harpies
  9 sea snakes (Snake:4)
  9 swamp dragons
  A death drake (shapeshifter) (D:12)
  12 deep elf conjurers
  13 naga ritualists
  2 unseen horrors
  A quicksilver dragon simulacrum (Vaults:4)
  9 deep elf summoners
  A tengu zombie (Vaults:4)
  A shambling mangrove (Lair:5)
  Pikel (D:9)
  3 flayed ghosts
  A phantasmal warrior (Vaults:4)
  24 mana vipers
  5 hornets
  17 ironbrand convokers
  6 hill giants
  5 lindwurms
  A sphinx zombie (Vaults:4)
  9 orc knights
  9 griffons
  8 orc sorcerers
  2 wizards
  14 salamanders
  A human zombie (Vaults:2)
  26 ugly things
  A tengu skeleton (Vaults:4)
  4 wolf spiders
  A frost giant zombie (Vaults:4)
  A stone giant zombie (D:15)
  A cyclops (shapeshifter) (Vaults:4)
  5 necromancers
  3 manticores
  A fire giant zombie (D:15)
  An octopode (shapeshifter) (D:15)
  A guardian serpent (shapeshifter) (Vaults:2)
  A frost giant skeleton (Vaults:2)
  15 naga magi
  80 black mambas
  7 cyclopes
  7 guardian serpents
  9 elephants
  Joseph (D:7)
  42 spiny frogs
  12 vault sentinels
  A titan simulacrum (Vaults:4)
  Psyche (D:12)
  A gargoyle (D:14)
  3 torpor snails
  A yaktaur zombie (Vaults:4)
  24 yaktaurs
  11 komodo dragons
  3 kobold demonologists
  5 fire drakes
  A jumping spider (shapeshifter) (Vaults:2)
  A shadow dragon simulacrum (Vaults:4)
  22 deep elf priests
  14 trolls
  A jumping spider (Vaults:3)
  34 two-headed ogres
  10 giant leeches
  Prince Ribbit (D:5)
  25 blink frogs
  9 bog bodies
  6 freezing wraiths
  A harpy skeleton (D:14)
  50 slime creatures
  5 boulder beetles
  A trapdoor spider (shapeshifter) (Elf:2)
  A centaur simulacrum (D:15)
  6 wyverns
  A water elemental (D:11)
  17 spriggans
  A human (shapeshifter) (Elf:1)
  7 wraiths
  74 yaks
  10 redbacks
  23 deep elf magi
  2 trapdoor spiders (D:15)
  A hog (shapeshifter) (D:14)
  A shadow (D:11)
  Eustachio (D:5)
  5 basilisks
  3 humans (D:8)
  21 hippogriffs
  A fire bat (shapeshifter) (Vaults:4)
  2 steam dragons
  A fire elemental (D:13)
  17 wolves
  4 hungry ghosts
  39 deep elf fighters
  2 human simulacra (Vaults:4)
  27 swamp worms
  15 insubstantial wisps
  A mottled dragon (D:12)
  77 nagas
  39 vampire mosquitoes
  11 wargs
  27 water moccasins
  Duvessa (D:5)
  An eye of draining (D:15)
  7 spiders (Lair:8)
  23 wasps
  33 orc warriors
  4 slaves (D:9)
  18 swamp drakes
  2 ice beasts
  72 ogres
  12 porcupines
  5 phantoms
  6 sky beasts
  4 black bears
  9 boggarts
  21 crocodiles
  A centaur (shapeshifter) (Vaults:1)
  2 human skeletons
  32 centaurs
  3 big kobolds
  A brain worm (D:14)
  28 giant frogs
  Dowan (D:5)
  A water moccasin skeleton (D:5)
  9 wights
  2 scorpions
  3 killer bees (D:8)
  9 crimson imps
  2 quasits
  3 electric eels
  3 centaur zombies
  2 jellies
  33 orc priests
  6 giant frog zombies
  A jelly (shapeshifter) (Vaults:1)
  A lava snake (D:13)
  6 giant frog skeletons
  5 hounds
  40 orc wizards
  5 centaur skeletons
  8 iguanas
  Terence (D:2)
  5 worker ants
  10 sheep
  A hound skeleton (D:7)
  A worker ant zombie (D:9)
  15 adders
  6 gnolls
  51 river rats
  9 shadow imps
  12 white imps
  4 oozes
  2 adder zombies (D:5)
  2 worms
  10 giant geckos
  210 orcs
  4 ball pythons
  13 bats
  5 giant cockroaches
  7 goblins
  7 hobgoblins
  23 jackals
  7 quokkas
  A ball python skeleton (D:5)
  7 giant newts
  26 kobolds
  A quokka skeleton (D:6)
  9 rats
  A crawling corpse (Vaults:3)
  2 fungi
2272 creatures vanquished.

Vanquished Creatures (others)
  A golden dragon (Vaults:4)
  A stone giant (Vaults:4)
  3 yaktaur captains
  2 centaur warriors
  An orc knight (Vaults:4)
  A black mamba (Snake:4)
  3 yaktaurs
  A naga (Snake:4)
  A swamp drake (Swamp:3)
  2 orcs
  A giant newt (D:4)
  3 briar patches (Swamp:1)
  A crawling corpse (Vaults:3)
  45 fungi
  30 plants
96 creatures vanquished.

Grand Total: 2368 creatures vanquished

Notes
Turn   | Place    | Note
--------------------------------------------------------------
     0 | D:1      | radek the Gargoyle Earth Elementalist began the quest for the Orb.
     0 | D:1      | Reached XP level 1. HP: 10/10 MP: 3/3
   157 | D:1      | Reached skill level 4 in Earth Magic
   157 | D:1      | Reached XP level 2. HP: 9/15 MP: 0/5
   665 | D:1      | Reached XP level 3. HP: 19/19 MP: 2/6
   709 | D:1      | Learned a level 3 spell: Stone Arrow
  1568 | D:1      | Reached skill level 5 in Earth Magic
  1819 | D:2      | Reached skill level 1 in Conjurations
  1823 | D:2      | Reached XP level 4. HP: 24/24 MP: 7/7
  1976 | D:2      | Found a shadowy altar of Dithmenos.
  2323 | D:2      | Noticed Terence
  2731 | D:3      | Found a runed door.
  2731 | D:3      | Noticed an angel
  2732 | D:3      | Found a glowing golden altar of the Shining One.
  3222 | D:2      | Found a deep blue altar of Sif Muna.
  3329 | D:2      | Killed Terence
  3329 | D:2      | Reached XP level 5. HP: 26/28 MP: 0/9
  3413 | D:2      | Learned a level 5 spell: Lee's Rapid Deconstruction
  3526 | D:4      | Found a sparkling altar of Nemelex Xobeh.
  3666 | D:4      | Found a snail-covered altar of Cheibriados.
  3685 | D:4      | Found a basalt altar of Yredelemnul.
  3742 | D:4      | Found a bloodstained altar of Trog.
  3742 | D:4      | Found a glowing golden altar of the Shining One.
  3931 | D:4      | Found a burning altar of Makhleb.
  3987 | D:4      | Found a white marble altar of Elyvilon.
  4416 | D:4      | Found a staircase to the Ecumenical Temple.
  4425 | Temple   | Entered the Ecumenical Temple
  4478 | Temple   | Became a worshipper of Vehumet
  4489 | D:4      | Noticed an ogre
  4502 | D:4      | Killed an ogre
  4502 | D:4      | Reached XP level 6. HP: 20/32 MP: 0/10
  5063 | D:5      | Entered Level 5 of the Dungeon
  5266 | D:5      | Reached skill level 6 in Earth Magic
  5803 | D:5      | Reached XP level 7. HP: 19/36 MP: 12/12
  5972 | D:5      | Found a sacrificial altar of Ru.
  6093 | D:5      | Reached skill level 5 in Conjurations
  6264 | D:5      | Noticed Duvessa
  6265 | D:5      | Noticed Dowan
  6430 | D:5      | Killed Duvessa
  6665 | D:5      | Reached skill level 1 in Fighting
  6702 | D:5      | Noticed Eustachio
  6828 | D:5      | Killed Dowan
  6828 | D:5      | Reached XP level 8. HP: 39/43 MP: 4/14
  7076 | D:5      | Gained mutation: You are partially covered in iridescent scales (AC +4). [mutagenic meat]
  7079 | D:5      | Noticed a water moccasin
  7110 | D:5      | Killed a water moccasin
  7110 | D:5      | Reached skill level 7 in Earth Magic
  7690 | D:5      | Killed Eustachio
  7972 | D:5      | Reached XP level 9. HP: 44/51 MP: 9/16
  8040 | D:5      | Noticed Prince Ribbit
  8045 | D:5      | Killed Prince Ribbit
  8294 | D:6      | Reached skill level 5 in Spellcasting
  8367 | D:6      | Reached * piety under Vehumet
  8367 | D:6      | Offered knowledge of Sting by Vehumet.
  8716 | D:6      | Found Qavuagient's Armour Shop.
  8911 | D:6      | Reached skill level 8 in Earth Magic
 10435 | D:7      | Reached skill level 5 in Fighting
 10597 | D:7      | Reached ** piety under Vehumet
 10597 | D:7      | Offered knowledge of Freeze by Vehumet.
 10681 | D:7      | Reached XP level 10. HP: 54/59 MP: 18/18
 10684 | D:7      | Noticed Joseph
 10709 | D:7      | Killed Joseph
 10709 | D:7      | Reached skill level 9 in Conjurations
 11668 | D:8      | Noticed chonchonts's ghost (novice MiFi)
 11882 | D:8      | Killed chonchonts's ghost
 12006 | D:8      | Noticed a manticore
 12014 | D:8      | Killed a manticore
 12104 | D:8      | Found a shimmering altar of Xom.
 12158 | D:9      | Noticed Pikel
 12168 | D:8      | Reached skill level 5 in Dodging
 12648 | D:8      | Offered knowledge of Ignite Poison by Vehumet.
 12899 | D:8      | Reached skill level 10 in Conjurations
 13030 | D:8      | Reached XP level 11. HP: 63/66 MP: 1/21
 13269 | D:8      | Reached *** piety under Vehumet
 13398 | D:8      | Found an iron altar of Okawaru.
 14230 | D:9      | Found a shadowy altar of Dithmenos.
 14305 | D:9      | Reached skill level 10 in Earth Magic
 14309 | D:9      | Killed Pikel
 14329 | D:9      | Offered knowledge of Mephitic Cloud by Vehumet.
 14717 | D:10     | Entered Level 10 of the Dungeon
 14752 | D:10     | Found a staircase to the Orcish Mines.
 14787 | D:10     | Noticed a hill giant
 14792 | D:10     | Killed a hill giant
 14879 | D:10     | Noticed a hill giant
 14888 | D:10     | Killed a hill giant
 15098 | D:10     | Noticed a hill giant
 15102 | D:10     | Killed a hill giant
 15787 | D:10     | Reached **** piety under Vehumet
 16301 | D:11     | Noticed Urug
 16386 | D:11     | Noticed a skeletal warrior
 16389 | D:11     | Noticed a skeletal warrior
 16393 | D:11     | Noticed a skeletal warrior
 16416 | D:11     | Killed a skeletal warrior
 16418 | D:11     | Killed a skeletal warrior
 16418 | D:11     | Reached XP level 12. HP: 63/73 MP: 2/24
 16687 | D:11     | Killed a skeletal warrior
 16687 | D:11     | Reached skill level 11 in Conjurations
 16794 | D:11     | Offered knowledge of Airstrike by Vehumet.
 17133 | D:11     | Killed Urug
 17895 | D:11     | Found a staircase to the Lair.
 18236 | Lair:1   | Entered Level 1 of the Lair of Beasts
 18270 | Lair:1   | Noticed a seven-headed hydra
 18276 | Lair:1   | Killed a seven-headed hydra
 19512 | Lair:2   | Reached skill level 10 in Spellcasting
 19786 | Lair:2   | Reached ***** piety under Vehumet
 19788 | Lair:2   | Offered knowledge of Iskenderun's Battlesphere by Vehumet.
 20480 | Lair:2   | Reached XP level 13. HP: 80/80 MP: 10/27
 21762 | Lair:2   | Learned a level 5 spell: Iskenderun's Battlesphere
 22437 | Lair:3   | Reached skill level 12 in Earth Magic
 24977 | Lair:5   | Offered knowledge of Delayed Fireball by Vehumet.
 24991 | Lair:5   | Learned a level 7 spell: Delayed Fireball
 25443 | Lair:4   | Reached skill level 10 in Fighting
 26164 | Lair:5   | Gained mutation: Your large and strong wings let you fly indefinitely. [Gargoyle growth]
 26164 | Lair:5   | Reached XP level 14. HP: 85/88 MP: 29/29
 26212 | Lair:5   | Noticed Snorg
 26239 | Lair:5   | Killed Snorg
 26764 | Lair:5   | Found a staircase to the Swamp.
 28432 | Lair:6   | Reached skill level 1 in Maces & Flails
 28524 | Lair:6   | Offered knowledge of Iron Shot by Vehumet.
 29195 | Lair:6   | Found a staircase to the Snake Pit.
 29517 | Lair:6   | Found a glowing silver altar of Zin.
 30087 | Lair:6   | Reached skill level 13 in Earth Magic
 30805 | Lair:7   | Learned a level 6 spell: Iron Shot
 32085 | Lair:8   | Entered Level 8 of the Lair of Beasts
 32371 | Lair:8   | Reached XP level 15. HP: 95/95 MP: 9/32
 33323 | Lair:8   | Found a runed door.
 33326 | Lair:8   | Found a viscous altar of Jiyva.
 33327 | Lair:8   | Found a staircase to the Slime Pits.
 33327 | Lair:8   | Noticed an acid blob
 33595 | Lair:8   | Upgraded the game from 0.17.0-23-g0de4337 to 0.17.0-24-gcfadda4
 33613 | Lair:8   | Offered knowledge of Ozocubu's Refrigeration by Vehumet.
 34555 | Lair:8   | Identified a scroll of acquirement
 35317 | Lair:8   | Killed an acid blob
 36253 | Lair:5   | Reached skill level 5 in Maces & Flails
 36882 | Orc:1    | Entered Level 1 of the Orcish Mines
 36967 | Orc:1    | Offered knowledge of Conjure Ball Lightning by Vehumet.
 37176 | Orc:1    | Found a burning altar of Makhleb.
 37205 | Orc:1    | Reached ****** piety under Vehumet
 37855 | Orc:2    | Found a roughly hewn altar of Beogh.
 38962 | Orc:4    | Entered Level 4 of the Orcish Mines
 38987 | Orc:4    | Found Vadoej's Antique Armour Emporium.
 40628 | Orc:4    | Paralysed by an orc sorcerer for 6 turns
 41417 | Orc:4    | Reached skill level 14 in Spellcasting
 41417 | Orc:4    | Reached XP level 16. HP: 101/101 MP: 30/34
 41689 | Orc:4    | Found Xioj's General Store.
 41705 | Orc:4    | Found Ufath's Antique Weapon Emporium.
 41740 | Orc:4    | Found Wopniurr's Jewellery Boutique.
 41900 | Orc:4    | Found a roughly hewn altar of Beogh.
 42767 | Orc:3    | Found a staircase to the Elven Halls.
 42865 | Orc:2    | Offered knowledge of Bolt of Cold by Vehumet.
 43318 | Elf:1    | Entered Level 1 of the Elven Halls
 43471 | Elf:1    | Found a radiant altar of Vehumet.
 44612 | Elf:1    | Found Qulewo's Weapon Shoppe.
 45075 | Elf:1    | Reached skill level 10 in Dodging
 46132 | Elf:2    | Offered knowledge of Spellforged Servitor by Vehumet.
 46464 | Elf:2    | Found a runed gate.
 46464 | Elf:2    | Found a runed gate.
 46465 | Elf:2    | Found a runed gate.
 46841 | Elf:2    | Found Qaihi's Distillery.
 46850 | Elf:2    | Bought a potion of invisibility for 104 gold pieces
 46850 | Elf:2    | Bought a potion of heal wounds for 65 gold pieces
 46850 | Elf:2    | Bought a potion of heal wounds for 65 gold pieces
 48310 | Elf:2    | Reached XP level 17. HP: 54/108 MP: 2/35
 48744 | Elf:2    | Reached skill level 15 in Spellcasting
 49928 | Orc:4    | Bought an uncursed ring of see invisible for 225 gold pieces
 49928 | Orc:4    | Bought an uncursed amulet of the gourmand for 450 gold pieces
 50350 | Orc:4    | Bought an uncursed ring of see invisible for 225 gold pieces
 50372 | Orc:4    | Bought a scroll of acquirement for 676 gold pieces
 50856 | Swamp:1  | Entered Level 1 of the Swamp
 51649 | Snake:1  | Entered Level 1 of the Snake Pit
 53529 | Snake:1  | Found Jocoira's Magic Scroll Emporium.
 53538 | Snake:1  | Bought a scroll of blinking for 90 gold pieces
 53538 | Snake:1  | Bought a scroll of teleportation for 36 gold pieces
 53538 | Snake:1  | Bought a scroll of enchant weapon for 90 gold pieces
 54329 | Snake:1  | Reached skill level 15 in Earth Magic
 55960 | Snake:2  | Noticed Vashnia
 57010 | Snake:2  | Found Seuloeg's Distillery.
 57022 | Snake:2  | Bought a potion of heal wounds for 85 gold pieces
 58877 | Snake:2  | Killed Vashnia
 59422 | Snake:3  | Reached XP level 18. HP: 114/114 MP: 25/37
 62048 | Snake:3  | Got a crude dagger {freeze}
 62049 | Snake:3  | Identified the +10 dagger of Plague {freeze, Dex+3} (You took it off a salamander on level 3 of the Snake Pit)
 64038 | Swamp:1  | Reached skill level 16 in Earth Magic
 64273 | Swamp:1  | Offered knowledge of Fire Storm by Vehumet.
 64273 | Swamp:1  | Offered knowledge of Shatter by Vehumet.
 64273 | Swamp:1  | Offered knowledge of Chain Lightning by Vehumet.
 64284 | Swamp:1  | Learned a level 9 spell: Fire Storm
 64295 | Swamp:1  | Learned a level 9 spell: Shatter
 64553 | Swamp:1  | Got a pair of warped boots
 64618 | Swamp:1  | Identified the +1 pair of boots "Uhecidy" {rElec MP-9 Int+4} (You found it on level 1 of the Swamp)
 65060 | Swamp:1  | Reached skill level 1 in Fire Magic
 66495 | Swamp:2  | Reached skill level 15 in Conjurations
 69347 | Swamp:3  | Reached XP level 19. HP: 120/120 MP: 16/39
 69853 | Swamp:3  | Noticed Mara
 69856 | Swamp:3  | Noticed radek's illusion
 70414 | Swamp:2  | Reached skill level 10 in Maces & Flails
 71680 | Swamp:3  | Noticed radek's illusion
 72154 | D:12     | Noticed Psyche
 72185 | D:12     | Killed Psyche
 72356 | D:12     | Found Qoryng's Distillery.
 72909 | D:12     | Upgraded the game from 0.17.0-24-gcfadda4 to 0.17.0-25-gefc9c12
 73117 | D:12     | Reached skill level 5 in Fire Magic
 74583 | D:13     | Found a frozen archway.
 76342 | D:14     | Noticed Nessos
 76348 | D:14     | Killed Nessos
 76875 | D:14     | Found a gate to the Vaults.
 76923 | D:14     | Found an opulent altar of Gozag.
 78166 | D:15     | Entered Level 15 of the Dungeon
 78931 | D:15     | Found a staircase to the Depths.
 79040 | D:15     | Noticed Sonja
 79051 | D:15     | Killed Sonja
 79163 | D:15     | Reached skill level 10 in Fire Magic
 79803 | D:15     | Found a burning altar of Makhleb.
 80662 | Lair:2   | Upgraded the game from 0.17.0-25-gefc9c12 to 0.17.0-26-gececa24
 80992 | Snake:4  | Entered Level 4 of the Snake Pit
 81290 | Snake:3  | Reached XP level 20. HP: 87/127 MP: 21/40
 82828 | Snake:4  | Found a runed door.
 86019 | Snake:4  | Got a serpentine rune of Zot
 86257 | Snake:4  | Reached skill level 15 in Fire Magic
 87737 | Swamp:3  | Reached skill level 1 in Shields
 87744 | Swamp:3  | Noticed radek's illusion
 88376 | Swamp:2  | Gained mutation: Scrolls take you a little longer to read. [mutagenic glow]
 88429 | Swamp:2  | Gained mutation: You are weak. (Str -2) [mutagenic glow]
 88970 | Swamp:3  | Reached XP level 21. HP: 122/132 MP: 29/41
 89211 | Swamp:3  | Noticed radek's illusion
 89211 | Swamp:3  | Killed Mara
 89211 | Swamp:3  | Reached skill level 5 in Shields
 89679 | Swamp:4  | Entered Level 4 of the Swamp
 89992 | Swamp:4  | Noticed Louise
 90023 | Swamp:4  | Killed Louise
 90959 | Swamp:4  | Noticed the 27-headed Lernaean hydra
 91189 | Swamp:4  | Got a smoking quarterstaff {holy}
 91336 | Swamp:4  | Identified the +1 quarterstaff of Like {holy, +Fly rElec Str+2 Stlth-} (You took it off a spriggan on level 4 of the Swamp)
 92212 | Swamp:4  | Got a decaying rune of Zot
 92372 | Swamp:4  | Killed the 27-headed Lernaean hydra
 93339 | Swamp:4  | Reached skill level 10 in Shields
 93467 | Swamp:4  | Noticed Jorgrun
 93472 | Swamp:4  | Killed Jorgrun
 94034 | Orc:4    | Bought a bread ration for 65 gold pieces
 94624 | Vaults:1 | Entered Level 1 of the Vaults
 95133 | Vaults:1 | Noticed Donald
 95135 | Vaults:1 | Killed Donald
 95829 | Vaults:1 | Found Lijiaz's Antique Weapon Boutique.
 98176 | Vaults:2 | Reached XP level 22. HP: 134/137 MP: 16/42
100795 | Vaults:2 | Reached skill level 15 in Shields
102902 | Vaults:3 | Got a pair of shimmering gloves
102917 | Vaults:3 | Identified the cursed +0 pair of gloves "Saotak" {+Inv Str+4 Dex+2} (You found it on level 3 of the Vaults)
103664 | Vaults:2 | Noticed an ancient lich
106108 | Vaults:2 | Killed an ancient lich
106307 | Vaults:3 | Found a staircase to the Crypt.
106921 | Vaults:3 | Reached skill level 17 in Earth Magic
106921 | Vaults:3 | Reached XP level 23. HP: 136/143 MP: 6/43
107815 | Vaults:3 | Got an uncursed brightly glowing battleaxe {venom}
107821 | Vaults:3 | Identified the +4 battleaxe of Trog's Esteem {venom, rN+} (You found it on level 3 of the Vaults)
108606 | Vaults:4 | Reached skill level 15 in Fighting
108977 | Vaults:4 | Noticed Saint Roka
108983 | Vaults:4 | Killed Saint Roka
111259 | Vaults:4 | Noticed Aizul
111267 | Vaults:4 | Killed Aizul
113514 | Vaults:5 | Entered Level 5 of the Vaults
113526 | Vaults:4 | Reached skill level 18 in Earth Magic
113724 | Vaults:5 | HP: 7/146 [vault guard/dire flail of protection (2)]
113736 | Vaults:5 | Killed from afar by an orc priest

Action                   |  1- 3 |  4- 6 |  7- 9 | 10-12 | 13-15 | 16-18 | 19-21 | 22-24 || total
-------------------------+-------+-------+-------+-------+-------+-------+-------+-------++-------
Melee: Unarmed           |    16 |       |       |       |       |       |       |       ||    16
       Dagger            |    41 |       |       |       |       |    13 |     8 |       ||    62
       Whip              |    61 |       |       |       |       |       |     1 |       ||    62
       Short sword       |    17 |   132 |   310 |   155 |       |       |       |       ||   614
       Mace              |       |       |       |   199 |   769 |   322 |   290 |    48 ||  1628
       Eveningstar       |       |       |       |       |       |    10 |     3 |       ||    13
       Staff             |       |       |       |       |       |     3 |    55 |     3 ||    61
Throw: Stone             |       |       |       |       |       |       |     1 |     1 ||     2
 Cast: Sandblast         |    50 |     4 |     6 |     8 |    80 |     6 |     4 |       ||   158
       Stone Arrow       |       |    18 |   109 |   234 |   452 |   442 |   552 |    98 ||  1905
       Lee's Rapid Decon |       |       |     4 |    48 |    68 |   145 |   112 |   131 ||   508
       Iskenderun's Batt |       |       |       |       |    20 |       |    14 |     2 ||    36
       Delayed Fireball  |       |       |       |       |     7 |     9 |    13 |     5 ||    34
       Iron Shot         |       |       |       |       |   155 |   400 |   569 |   435 ||  1559
 Abil: Release Delayed F |       |       |       |       |     6 |     9 |    13 |     6 ||    34
       Fly               |       |       |       |       |     1 |     1 |       |       ||     2
       Evoke Invisibilit |       |       |       |       |       |     1 |       |       ||     1
Evoke: Wand              |       |       |     3 |     4 |       |     4 |    17 |     9 ||    37
       Staff of energy   |       |       |       |       |       |     5 |       |       ||     5
  Use: Scroll            |       |     5 |     7 |    13 |    21 |    13 |    18 |    10 ||    87
       Potion            |       |       |       |     6 |     1 |     7 |     5 |     3 ||    22
 Stab: Sleeping          |       |     8 |       |       |     5 |       |     1 |       ||    14
       Distracted        |       |     2 |       |       |       |       |       |       ||     2
       Paralysed         |       |       |     1 |       |       |       |       |       ||     1
  Eat: Chunk             |     4 |    14 |    16 |    24 |    80 |    55 |    51 |    71 ||   315
       Fruit             |       |       |     5 |       |       |    13 |     1 |       ||    19
       Bread ration      |       |       |     2 |     3 |     7 |     1 |     1 |       ||    14
       Pizza             |       |       |     3 |       |       |    11 |     2 |       ||    16
       Beef jerky        |       |       |     1 |       |       |     3 |     3 |       ||     7
       Royal jelly       |       |       |     1 |       |       |       |     3 |       ||     4
       Meat ration       |       |       |       |     1 |     2 |     7 |     9 |       ||    19
